Map: Catalyst LE

Players

PtitDrogo

  • Race: Protoss Protoss
  • Spawn Location: 5:00

HellraiseR - Winner!

  • Race: Protoss Protoss
  • League: Master
  • Spawn Location: 11:00

Event: HomeStory Cup XVII

VOD

Have the link to the VOD?

Description

Time

  • Played on: June 29, 2018, 10:21 a.m.
  • Length: 15:01

All games in this series

Show
View Real Time Build Order
Export as new Build Order

PtitDrogo Protoss 

Build Orders: Chargelot Immortal 

Get SALT Encoding   

  12  0:00  Probe  
  13  0:12  Probe  
  14  0:17  Pylon  
  14  0:24  Probe  
  15  0:32  Probe  
  15  0:40  Gateway, Probe  
  16  0:46  Assimilator  
  17  0:51  Probe  
  17  0:55  Assimilator  
  18  0:59  Probe  
  19  1:07  Probe  
  19  1:15  Gateway  
  19  1:17  Probe  
  21  1:26  Cybernetics Core  
  21  1:29  Probe  
  22  1:35  Pylon  
  22  1:41  Probe  
  23  1:53  Warp Gate  
  23  1:54  Probe  
  24  2:02  Stalker  
  24  2:03  Sentry  
  28  2:15  Pylon  
  28  2:31  Stalker  
  28  2:33  Stalker  
  32  2:47  Nexus  
  32  2:53  Shield Battery  
  32  2:56  Probe  
  33  3:04  Sentry  
  35  3:07  Stalker  
  35  3:10  Probe  
  38  3:19  Pylon  
  38  3:22  Probe  
  39  3:34  Shield Battery  
  39  3:38  Probe  
  39  3:50  Probe, Robotics Facility  
  40  3:57  Probe  
  40  3:58  Probe  
  42  4:05  Probe  
  42  4:06  Probe  
  42  4:09  Adept x2  
  47  4:14  Probe  
  47  4:16  Probe  
  50  4:26  Probe  
  50  4:28  Probe  
  50  4:30  Stalker x2  
  56  4:33  Observer  
  56  4:36  Pylon  
  56  4:38  Probe  
  56  4:41  Probe  
  56  4:44  Forge  
  59  4:50  Probe  
  59  4:52  Immortal  
  60  4:53  Probe  
  65  5:05  Probe  
  65  5:06  Assimilator x2, Probe  
  67  5:10  Protoss Ground Weapons Level 1  
  67  5:14  Observer, Pylon  
  67  5:17  Probe  
  67  5:20  Twilight Council  
  68  5:26  Immortal  
  68  5:30  Pylon  
  68  5:33  Probe  
  73  5:42  Gateway x2  
  73  5:48  Probe  
  74  5:52  Pylon  
  74  5:57  Charge  
  74  6:00  Immortal  
  74  6:06  Zealot  
  74  6:10  Zealot  
  76  6:32  Observer  
  73  6:34  Stargate  
  73  6:38  Probe, Stargate  
  75  6:40  Probe  
  75  6:46  Nexus  
  76  6:47  Pylon  
  76  6:51  Protoss Ground Weapons Level 2  
  75  6:57  Adept x2  
  75  7:01  Pylon  
  83  7:08  Pylon  
  83  7:14  Zealot x2  
  86  7:18  Phoenix, Observer  
  83  7:23  Gateway  
  83  7:24  Phoenix  
  83  7:27  Gateway  
  83  7:28  Gateway  
  87  7:30  Gateway  
  87  7:33  Nexus  
  87  7:43  Phoenix  
  87  7:49  Phoenix  
  89  8:00  Phoenix  
  89  8:12  Pylon  
  87  8:14  Phoenix  
  87  8:15  Immortal  
  94  8:20  Probe  
  94  8:22  Phoenix  
  94  8:23  Pylon  
  94  8:24  Pylon  
  96  8:39  Phoenix  
  98  8:41  Zealot x3  
  98  8:42  Zealot  
  98  8:44  Phoenix  
  108  8:50  Zealot x2  
  108  8:52  Probe  
  111  9:00  Protoss Ground Weapons Level 3  
  109  9:04  Phoenix  
  109  9:09  Phoenix  
  99  9:17  Immortal  
  99  9:23  Protoss Air Weapons Level 1  
  103  9:29  Phoenix  
  105  9:36  Zealot x3  
  111  9:39  Probe x2  
  111  9:40  Probe  
  111  9:45  Phoenix  
  114  9:49  Zealot  
  116  9:54  Immortal, Observer, Zealot x2  
  120  10:05  Phoenix  
  126  10:07  Probe x2  
  126  10:10  Pylon  
  126  10:12  Assimilator  
  126  10:17  Assimilator  
  126  10:23  Immortal  
  126  10:34  Phoenix x2  
  134  10:40  Pylon  
  130  10:54  Immortal  
  124  10:59  Phoenix x2  
  124  11:01  Probe  
  124  11:02  Probe x2  
  135  11:05  Pylon  
  135  11:13  Probe  
  135  11:14  Probe  
  135  11:27  Dark Shrine  
  135  11:30  Immortal  
  135  11:34  Protoss Shields Level 1  
  135  11:35  Nexus  
  135  11:38  Pylon  
  135  11:43  Templar Archives  
  139  11:47  Zealot x2  
  139  11:48  Zealot  
  139  11:52  Pylon  
  145  12:01  Immortal  
  145  12:08  Probe  
  145  12:09  Probe x2  
  152  12:16  Gateway  
  152  12:17  Gateway  
  152  12:20  High Templar x2, Probe  
  152  12:21  High Templar x4  
  165  12:23  Probe x2  
  165  12:26  Archon x3  
  167  12:33  Probe  
  167  12:36  Probe  
  169  12:40  Assimilator  
  169  12:41  Immortal  
  169  12:42  Dark Templar  
  169  12:43  Dark Templar  
  175  13:11  High Templar x2, Zealot x2  
  175  13:12  Zealot x2  
  185  13:15  Archon  
  185  13:16  Phoenix  
  185  13:19  Pylon  
  185  13:21  Pylon  
  185  13:22  Pylon  
  185  13:24  Zealot  
  157  13:39  Zealot  
  112  13:41  Zealot  
  112  13:42  Zealot x5  
  112  13:45  Observer  
  116  13:50  Zealot x3  
  116  13:53  Phoenix  
  116  13:54  Phoenix  
  102  14:05  Dark Templar x2  
  102  14:06  Dark Templar  
  108  14:11  Dark Templar x2  
  108  14:12  Zealot x5  
  103  14:38  Zealot  
  102  14:44  Assimilator  
  94  14:53  Zealot x3  
Show
View Real Time Build Order
Export as new Build Order

HellraiseR Protoss - Winner!

Build Orders: Phoenix Opening, Blink Stalkers 

Get SALT Encoding   

  12  0:00  Probe  
  13  0:12  Probe  
  14  0:17  Pylon  
  14  0:22  Probe  
  15  0:31  Probe  
  16  0:38  Gateway  
  16  0:41  Probe  
  16  0:47  Assimilator  
  17  0:52  Probe  
  17  0:55  Assimilator  
  18  1:00  Probe  
  19  1:08  Probe  
  19  1:10  Gateway  
  20  1:21  Probe  
  21  1:25  Cybernetics Core  
  21  1:33  Probe  
  21  1:35  Pylon  
  22  1:45  Probe  
  23  1:53  Warp Gate  
  23  1:57  Probe  
  24  2:02  Sentry, Stalker  
  28  2:09  Probe  
  28  2:13  Pylon  
  29  2:28  Stalker  
  31  2:31  Stalker  
  33  2:52  Nexus  
  33  2:59  Stalker  
  35  3:06  Phoenix  
  35  3:07  Stalker  
  37  3:17  Twilight Council  
  37  3:24  Pylon  
  37  3:28  Probe  
  38  3:40  Probe  
  39  3:44  Blink  
  39  3:52  Probe  
  40  4:05  Probe, Robotics Facility  
  40  4:09  Stalker  
  43  4:12  Probe  
  43  4:15  Probe  
  45  4:20  Probe  
  45  4:23  Probe  
  45  4:25  Stalker  
  45  4:28  Probe  
  45  4:31  Probe  
  49  4:38  Forge  
  51  4:39  Probe  
  51  4:43  Probe  
  53  4:48  Stalker  
  53  4:51  Probe  
  56  4:53  Stalker, Protoss Ground Weapons Level 1  
  56  4:54  Observer  
  56  4:56  Probe  
  60  5:03  Probe  
  60  5:05  Assimilator  
  61  5:08  Assimilator, Probe  
  62  5:16  Pylon  
  62  5:34  Probe x2, Robotics Bay  
  64  5:36  Pylon  
  64  5:41  Stalker x2  
  68  5:46  Probe x2  
  68  5:47  Pylon  
  70  5:58  Probe x2  
  72  6:06  Stalker x2  
  72  6:10  Probe  
  77  6:11  Probe  
  76  6:19  Disruptor  
  76  6:22  Probe  
  76  6:23  Probe  
  74  6:32  Stalker x2, Robotics Facility  
  79  6:34  Probe  
  79  6:35  Probe, Pylon  
  81  6:40  Gateway  
  81  6:43  Gateway  
  81  6:46  Disruptor  
  81  6:48  Protoss Ground Weapons Level 2  
  85  7:08  Probe  
  85  7:12  Disruptor  
  85  7:13  Disruptor, Shield Battery  
  85  7:14  Pylon  
  86  7:18  Nexus  
  91  7:27  Pylon  
  91  7:28  Probe  
  92  7:30  Probe  
  93  7:40  Probe  
  93  7:41  Stalker  
  93  7:45  Stalker  
  93  7:47  Disruptor  
  93  7:48  Probe  
  96  7:52  Probe  
  94  8:00  Disruptor, Probe  
  93  8:09  Probe  
  93  8:12  Probe  
  97  8:16  Stalker x2  
  97  8:18  Stalker  
  97  8:19  Disruptor  
  103  8:21  Probe  
  103  8:24  Photon Cannon  
  104  8:32  Zealot  
  109  8:36  Probe x2  
  110  8:45  Disruptor  
  110  8:47  Assimilator  
  113  8:49  Probe  
  113  8:52  Assimilator  
  113  8:53  Probe  
  115  8:55  Probe  
  115  9:01  Probe  
  117  9:05  Probe  
  112  9:12  Probe  
  112  9:14  Probe  
  112  9:16  Protoss Ground Weapons Level 3  
  110  9:17  Stalker x3  
  110  9:18  Stalker  
  119  9:24  Photon Cannon  
  119  9:26  Probe  
  119  9:32  Photon Cannon  
  119  9:35  Disruptor, Observer  
  122  9:38  Charge  
  122  9:41  Pylon  
  123  9:47  Stalker  
  125  9:54  Gateway  
  125  9:57  Gateway  
  125  10:03  Gateway  
  125  10:04  Gateway  
  125  10:10  Templar Archives  
  125  10:12  Probe x2  
  127  10:21  Pylon  
  127  10:23  Probe  
  122  10:31  Colossus, Stalker x4  
  136  10:46  Probe  
  136  10:47  Probe  
  136  10:48  Probe  
  131  10:54  Colossus  
  128  10:58  Probe  
  128  10:59  Probe  
  128  11:00  Probe  
  131  11:06  Sentry  
  131  11:09  Pylon  
  131  11:10  Probe  
  140  11:15  Extended Thermal Lance  
  140  11:21  Pylon  
  140  11:23  Colossus  
  140  11:24  Probe x2  
  140  11:25  Probe  
  134  11:36  Probe x2  
  134  11:38  Probe  
  143  11:41  High Templar x2  
  143  11:45  Archon  
  147  11:48  Probe  
  147  11:49  High Templar  
  147  11:50  High Templar  
  147  11:51  Zealot x2  
  147  11:52  Warp Prism  
  156  12:01  Archon, Zealot x2  
  152  12:04  Probe x2  
  157  12:14  Pylon  
  157  12:16  Pylon  
  157  12:18  Pylon  
  157  12:25  Photon Cannon  
  157  12:29  Probe  
  156  12:31  Probe  
  156  12:34  High Templar x2  
  156  12:35  High Templar x2, Zealot x2  
  169  12:37  Zealot  
  169  12:38  Archon  
  169  12:39  Archon  
  169  12:40  Zealot  
  173  12:57  Pylon  
  163  13:08  High Templar x3  
  163  13:09  High Templar  
  163  13:10  Zealot x4  
  179  13:13  Archon x2  
  179  13:18  Probe, Observer  
  152  13:41  Zealot x7  
  146  13:42  Zealot  
  158  14:05  Pylon  
  158  14:06  Pylon  
  158  14:08  Pylon  
  158  14:10  Pylon  
  158  14:36  High Templar x2  
  158  14:37  High Templar x2  
  158  14:38  Zealot x4  
  174  14:41  Archon x2  
Tags
 
Add a new tag
Caveats
  • Supply blocks, unpowered buildings, or Contaminate may cause inaccurate times.
  • Supply counts are checked every 10 seconds.